 Dungeon Crawl Stone Soup version 0.30-a0-778-g2ef04afb54 (webtiles) character file.

Game seed: 11165103471819588065

164 sircluck the Shooter (level 5, -1/28 HPs)
             Began as a Spriggan Hunter on Feb 15, 2023.
             Was a Believer of Makhleb.
             Slain by a bullfrog (4 damage)
             ... in a sewer.
             The game lasted 00:04:47 (1686 turns).

sircluck the Shooter (Spriggan Hunter)              Turns: 1686, Time: 00:04:47

Health: -1/28      AC:  2    Str:  7    XL:     5   Next: 21%
Magic:  6/6        EV: 18    Int: 11    God:    Makhleb [**....]
Gold:   132        SH:  0    Dex: 20    Spells: 4/4 levels left

rFire   . . .      SeeInvis +    a - +0 shortbow
rCold   . . .      Faith    .    (shield currently unavailable)
rNeg    . . .      Spirit   .    c - +0 robe
rPois   .          Reflect  .    (helmet restricted)
rElec   .          Harm     .    (no cloak)
rCorr   .          Rampage  .    (gloves unavailable)
Will    .....                    (boots unavailable)
Stlth   +                        (no amulet)
HPRegen 0.24/turn                (no ring)
MPRegen 0.10/turn                (no ring)

@: slow
A: very small, no large weapons, unfitting armour, see invisible, speed 3
a: Renounce Religion, Minor Destruction


You were in a sewer.
You worshipped Makhleb.
Makhleb was pleased with you.
You visited 1 branch of the dungeon, and saw 4 of its levels.
You also visited: Sewer.

You collected 132 gold pieces.

Inventory:

Hand Weapons
 a - a +0 shortbow (weapon)
 i - a +1 dagger of distortion
 w - a +3 trident
Missiles
 h - 4 datura-tipped darts
 j - 19 stones
 m - 6 poisoned darts
Armour
 c - a +0 robe (worn)
 r - an orb of energy
Jewellery
 e - an amulet of reflection
 p - a ring of positive energy
 v - a ring of ice
Scrolls
 b - a scroll of immolation
 g - a scroll of fog {unknown}
 k - a scroll of enchant armour {unknown}
 l - a scroll of blinking
 s - a scroll of poison {unknown}
 t - a scroll of teleportation {unknown}
 u - a scroll of identify {unknown}
Potions
 d - a potion of mutation {unknown}
 f - 4 potions of lignification {unknown}
 n - a potion of berserk rage {unknown}
 o - a potion of brilliance {unknown}
 q - a potion of magic {unknown}


   Skills:
 + Level 2.8 Fighting
 + Level 5.8 Ranged Weapons
 + Level 2.9 Dodging
 + Level 1.5 Stealth


You had 4 spell levels left.
You didn't know any spells.
Your spell library contained the following spells:

 Spells                   Type           Power      Damage    Failure   Level
 Tukima's Dance           Hex            0%         N/A       71%         3
 Passage of Golubria      Tloc           0%         N/A       98%         4
 Yara's Violent Unravell  Hex/Tmut       0%         3d3       100%        5


Dungeon Overview and Level Annotations

Branches:
Dungeon (4/15)              Sewer (1/1)
 Temple: D:4-7

Altars:
Makhleb

Shops:
D:1 ?

Annotations:
D:3 2 runed translucent doors


Innate Abilities, Weirdness & Mutations

You are very small and have problems with some larger weapons.
You are too small for most types of armour.
You have supernaturally acute eyesight. (SInv)
You cover ground extremely quickly. (Speed+++)


Message History

You shoot an arrow. The arrow hits the endoplasm.
The endoplasm is almost dead.
The bullfrog barely misses you. The bullfrog completely misses you.
The endoplasm splashes around in the water.
The bullfrog hits you. The bullfrog barely misses you.
You shoot an arrow.
The arrow hits the endoplasm but does no damage.
The endoplasm is almost dead.
The bullfrog closely misses you. The bullfrog completely misses you.
The endoplasm freezes you.
You are frozen.
The bullfrog closely misses you. The bullfrog hits you.
The endoplasm freezes you.
You are frozen.
You are too injured to fight recklessly!
You are too injured to fight recklessly!
You are too injured to fight recklessly!
You are too injured to fight recklessly!
You are too injured to fight recklessly!
You are too injured to fight recklessly!
You are too injured to fight recklessly!
You are too injured to fight recklessly!
You are too injured to fight recklessly!
You are too injured to fight recklessly!
You are too injured to fight recklessly!
You are too injured to fight recklessly!
You are too injured to fight recklessly!
You are too injured to fight recklessly!
The bullfrog hits you. x2
* * * LOW HITPOINT WARNING * * *
The bullfrog attacks as you move away! The bullfrog closely misses you.
The bullfrog hits you.
* * * LOW HITPOINT WARNING * * *
The bullfrog barely misses you.
You enter the shallow water.
Moving in this stuff is going to be slow.
The bullfrog misses you. x2
The bullfrog barely misses you. x2
You see here a frilled lizard corpse.
The bullfrog attacks as you move away! The bullfrog hits you.
You die...

############# #####.~†~~.~.~.~#
###.∩..~~~~~~~~~.~#
##~...~#########~.~#
#∩~~####.~.~.~.~~.~####
#####~~~.#####~~~~~#~~##
##.~~~~~~#~∩.#######.~~####
##~~~.†####~~~F~~r.#.~.~~~.##
##...~###.~.~.@F~J.l##~†#~~~.##
#~~~~##~.~~.#######~~#~~##..~~#
##~~~##.~~~### #~~##~~##~~~#
#~~~.#~~.~##
≈~~~~l†.~~#~~.#~†~~ #.~.##..~##
.~~~...~~~#.~~##~~~ #~~~#~.~.#
.~~.~$~.~.#.~~~#..~ #.~~#.~~~#
..~.?[?.~~#~~.~#~~. #~..#~~.~#
~..$=$.~~≈#~~.~#~~~ #~~~##.~~##
≈.~~..~~≈##~~~##~~~


You could see 2 bullfrogs, an endoplasm, a quokka and a frilled lizard.

Vanquished Creatures
  An orc priest (D:3)
  An orc wizard (D:4)
  3 adders
  A dart slug (D:1)
  5 orcs
  6 endoplasms
  9 giant cockroaches
  4 goblins
  2 hobgoblins
  5 kobolds
  11 quokkas
  8 ball pythons
  6 bats
  6 frilled lizards
68 creatures vanquished.

Vanquished Creatures (others)
  A withered plant (D:1)
1 creature vanquished.

Grand Total: 69 creatures vanquished

Notes
Turn   | Place    | Note
-------+----------+-------------------------------------------
     0 | D:1      | sircluck the Spriggan Hunter began the quest for the Orb.
     0 | D:1      | Reached XP level 1. HP: 10/10 MP: 2/2
   280 | D:1      | Found Zissus's Magic Scroll Boutique.
   283 | D:1      | Reached XP level 2. HP: 15/15 MP: 3/3
   330 | D:1      | Found a faded altar of an unknown god.
   447 | D:1      | Prayed at the altar of an unknown god.
   447 | D:1      | Became a worshipper of Makhleb the Destroyer
   447 | D:1      | Reached * piety under Makhleb
  1036 | D:2      | Reached XP level 3. HP: 18/18 MP: 4/4
  1289 | D:3      | Reached ** piety under Makhleb
  1298 | D:3      | Reached skill level 5 in Ranged Weapons
  1298 | D:3      | Reached XP level 4. HP: 23/23 MP: 5/5
  1303 | D:3      | Found a large runed translucent door.
  1304 | D:3      | Found a large runed translucent door.
  1314 | D:3      | You fall into a shaft and drop 1 floor!
  1370 | D:4      | Found a glowing drain.
  1396 | Sewer    | Entered a sewer
  1532 | Sewer    | Reached XP level 5. HP: 26/27 MP: 6/6
  1686 | Sewer    | Slain by a bullfrog

Illustrated notes

Levels and vault maps discovered:
D:1:      minmay_arrival_four_circles, layout_basic,
          ebering_ecumenical_altar_petrified, serial_shops, shop,
          minmay_hexomino_u4
D:2:      layout_basic
D:3:      minmay_recursive_quarters, layout_loops_ring, jmf_multi_god_temple2,
          ebering_ghost_gozag, minmay_pentomino_pile
D:4:      layout_loops_cross, portal_sewer_entry_a
Sewer:    sewer_frog_island_02

Skill      XL: |  1  2  3 |
---------------+----------+-----
Fighting       | 2 |  2.8
Ranged Weapons | 5 |  5.8
Dodging        | |  2.9
Stealth        | |  1.5

Action                     |  1- 3 |  4- 6 || total
---------------------------+-------+-------++-------
   Fire: Shortbow          |    69 |   106 ||   175
 Armour: Robe              |       |     2 ||     2
  Dodge: Dodged            |     7 |    39 ||    46

Table legend: (Time is in decaauts)
 A = Elapsed time spent in this place.
 B = Non-inter-level travel time spent in this place.
 C = Inter-level travel time spent in this place.
 D = Time resting spent in this place.
 E = Time spent auto-exploring this place.
 F = Levels seen in this place.
 G = Mean time per level.
                   A        B        C        D        E       F      G
               +--------+--------+--------+--------+--------+-----+--------+
         Total |   1231 |   1207 |     24 |     57 |    795 |   5 |  246.2 |
       Dungeon |    928 |    904 |     24 |      0 |    677 |   4 |  232.0 |
         Sewer |    302 |    302 |      0 |     57 |    117 |   1 |  302.0 |
               +--------+--------+--------+--------+--------+-----+--------+

Top non-repeatable levels by time:
     D:1: 430 daAuts
     D:2: 394 daAuts
   Sewer: 302 daAuts
     D:4: 70 daAuts
     D:3: 33 daAuts
